 Dungeon Crawl Stone Soup version 0.28-a0-664-gc179e30c89 (webtiles) character file.

Game seed: 16822911816020283011

1617 jasper the Cruncher (level 8, -2/58 HPs)
             Began as a Demonspawn Cinder Acolyte on Oct 16, 2021.
             Was a High Priest of Ignis.
             Slain by a wyvern zombie (9 damage)
             ... on level 6 of the Dungeon.
             The game lasted 00:08:56 (4563 turns).

jasper the Cruncher (Demonspawn Cinder Acolyte)     Turns: 4563, Time: 00:08:57

Health: -2/58      AC: 18    Str: 14    XL:     8   Next: 64%
Magic:  9/9        EV: 10    Int: 19    God:    Ignis [*****.]
Gold:   44         SH:  0    Dex:  8    Spells: 1/9 levels left

rFire   + . .      SeeInvis .   n - +3 quarterstaff (chaos)
rCold   . . .      Faith    .   (shield currently unavailable)
rNeg    . . .      Spirit   .   l - +0 ring mail
rPois   .          Reflect  .   z - +0 helmet
rElec   .          Harm     .   o - +1 cloak
rCorr   .          Rampage  .   (no gloves)
Will    .....                   (no boots)
Stlth   ..........              (no amulet)
HPRegen 0.19/turn               m - +4 ring of protection
MPRegen 0.11/turn               u - ring of wizardry

@: sanguine armoured
A: hooves 1, powered by death 2, sanguine armour 1
a: Renounce Religion, Sea of Fire, Foxfire Swarm, Rising Flame


You were on level 6 of the Dungeon.
You worshipped Ignis.
Ignis was extremely pleased with you.
You visited 1 branch of the dungeon, and saw 6 of its levels.

You collected 275 gold pieces.
You spent 231 gold pieces at shops.

Inventory:

Hand Weapons
 a - a -1 spear of flaming
 j - a +0 quarterstaff
 n - a +3 quarterstaff of chaos (weapon)
Missiles
 d - 100 stones (quivered)
 k - 2 silver javelins
 y - 3 curare-tipped darts
Armour
 b - a +0 robe
 i - a scarf of resistance
 l - a +0 ring mail (worn)
 o - a +1 cloak (worn)
 z - a +0 helmet (worn)
Magical Staves
 c - a staff of poison
Jewellery
 m - a +4 ring of protection (left hand)
 p - a ring of see invisible
 u - a ring of wizardry (right hand)
Wands
 s - a wand of charming (10)
 x - a wand of acid (5)
 A - a wand of iceblast (8)
Scrolls
 f - 2 scrolls of teleportation
 t - a scroll of magic mapping
 v - a scroll of vulnerability
 w - a scroll of noise {unknown}
 B - a scroll of fog
 D - a scroll of identify
 E - a scroll of silence {unknown}
Potions
 e - 5 potions of curing
 g - 2 potions of magic
 h - a potion of heal wounds
 q - a potion of attraction
 r - a potion of cancellation
 C - a potion of brilliance {unknown}


   Skills:
 - Level 3.3 Fighting
 - Level 2.6(6.5) Polearms
 + Level 9.3(9.5) Staves
 - Level 1.8 Armour
 - Level 1.0 Dodging
 - Level 1.0 Spellcasting
 - Level 3.4 Fire Magic


You had one spell level left.
You knew the following spells:

 Your Spells              Type           Power      Damage    Failure   Level
a - Scorch                Fire           28%        2d6       6%          2
b - Olgreb's Toxic Radia  Pois           0%         N/A       78%         4
c - Blink                 Tloc           N/A        N/A       22%         2

Your spell library contained the following spells:

 Spells                   Type           Power      Damage    Failure   Level
 Sting                    Tmut/Pois      0%         1d3       16%         1
 Poisonous Vapours        Pois/Air       0%         N/A       22%         2
 Lesser Beckoning         Tloc           0%         N/A       38%         3
 Manifold Assault         Tloc           0%         N/A       98%         5


Dungeon Overview and Level Annotations

Branches:
Dungeon (6/15)             Temple (0/1) D:6

Altars:
Elyvilon
Fedhas
Kikubaaqudgha
Makhleb
Nemelex Xobeh
Qazlal
Sif Muna
Trog
Vehumet
Wu Jian
Yredelemnul
The Shining One

Shops:
D:6 *=*=!

Annotations:
D:2 Sigmund


Innate Abilities, Weirdness & Mutations

You have large cloven feet.
You regenerate health from kills.
When seriously injured, your bleeding wounds create armour. (AC +6)


Message History

You see here 18 bolts.
Found a stone staircase leading up.
Found a stone staircase leading down.
Found Zepawul's Assorted Antiques.
A wyvern zombie comes into view.
Found a stone staircase leading down.
A wyvern zombie is nearby!
The wyvern zombie bites you.
You take 1 damage, and have 57/58 hp.
You completely miss the wyvern zombie.
The wyvern zombie bites you but does no damage.
You hit the wyvern zombie.
You kick the wyvern zombie, but do no damage.
The wyvern zombie is lightly damaged.
The wyvern zombie bites you.
You take 4 damage, and have 53/58 hp.
You hit the wyvern zombie.
The wyvern zombie seems to grow stronger.
The wyvern zombie is moderately damaged.
The wyvern zombie barely misses you.
You sock the wyvern zombie! You burn the wyvern zombie.
The wyvern zombie is heavily damaged.
The wyvern zombie bites you.
You take 6 damage, and have 48/58 hp.
You hit the wyvern zombie. You burn the wyvern zombie.
You kick the wyvern zombie.
The wyvern zombie is severely damaged.
The wyvern zombie bites you!
Your blood congeals into armour.
The wyvern zombie bites you!
You take 28 damage, and have 20/58 hp.
MASSIVE DAMAGE!!
You barely miss the wyvern zombie.
The wyvern zombie is severely damaged.
The wyvern zombie bites you!
* * * LOW HITPOINT WARNING * * *
You take 13 damage, and have 7/58 hp.
MASSIVE DAMAGE!!
You sock the wyvern zombie!
Nothing appears to happen.
Your kick misses the wyvern zombie.
The wyvern zombie is almost destroyed.
The wyvern zombie bites you!
You die...

#. #.>$....#
.##########.
#.....#.###..........#.
#.#...... .....#.###.#.
##....8#.###..#.#.......
..............#....##.#.
8...<....[....#.#.......
......................##
..∩..?Z@.....##.......##
.....#......(...#..#.##.
>.. #.......####...##..
. #.......##.........
#.......##.##.####.
##########....##.#.
#..####.#. #.......#.
########### ##.##)###.


You could see a wyvern zombie (strong).

Vanquished Creatures
  A two-headed ogre (D:6)
  A steam dragon (D:5)
  An ogre (D:5)
  A phantom (D:4)
  A bullfrog (D:6)
  Blork the orc (D:6)
  2 scorpions
  2 water moccasin zombies
  A centaur zombie (D:6)
  A hound (D:4)
  A centaur skeleton (D:4)
  Crazy Yiuf (D:3)
  2 iguanas (D:6)
  3 orc wizards
  A hound skeleton (D:4)
  3 gnolls (D:5)
  A howler monkey zombie (D:3)
  An adder (D:5)
  2 shadow imps
  2 adder skeletons (D:4)
  2 worms
  6 orcs
  3 bats (D:1)
  3 endoplasms
  2 giant cockroaches (D:4)
  3 hobgoblins
  4 quokkas
  8 ball pythons
  A ball python zombie (D:3)
  5 frilled lizards (D:1)
  8 goblins
  7 kobolds
  4 rats
85 creatures vanquished.

Vanquished Creatures (others)
  An ufetubus (D:5)
1 creature vanquished.

Grand Total: 86 creatures vanquished

Notes
Turn   | Place    | Note
-------+----------+-------------------------------------------
     0 | D:1      | jasper the Demonspawn Cinder Acolyte began the quest for
                  | the Orb.
     0 | D:1      | Reached XP level 1. HP: 18/18 MP: 2/2
   142 | D:1      | Found a faded altar of an unknown god.
   265 | D:1      | Gained mutation: When seriously injured, your bleeding
                  | wounds create armour. (AC +6) [demonic ancestry]
   265 | D:1      | Reached XP level 2. HP: 24/24 MP: 3/3
   268 | D:1      | Learned a level 2 spell: Scorch
   886 | D:2      | Noticed Sigmund
   959 | D:2      | Reached skill level 1 in Dodging
  1071 | D:3      | Reached skill level 1 in Armour
  1165 | D:3      | Reached XP level 3. HP: 29/29 MP: 4/4
  1468 | D:3      | Found a stormy altar of Qazlal.
  1487 | D:3      | Found a blossoming altar of Fedhas.
  1578 | D:3      | Found a bloodstained altar of Trog.
  1798 | D:3      | Found a runed translucent door.
  1799 | D:3      | Noticed Crazy Yiuf
  1831 | D:3      | Killed Crazy Yiuf
  1832 | D:3      | Gained mutation: You have large cloven feet. [demonic
                  | ancestry]
  1832 | D:3      | Reached XP level 4. HP: 11/35 MP: 1/5
  2227 | D:3      | Found a basalt altar of Yredelemnul.
  2263 | D:4      | Reached skill level 1 in Staves
  2297 | D:4      | Reached skill level 2 in Staves
  2348 | D:4      | Found a sparkling altar of Nemelex Xobeh.
  2467 | D:4      | Found an ancient bone altar of Kikubaaqudgha.
  2477 | D:4      | Found a shimmering blue altar of Sif Muna.
  2502 | D:4      | Noticed a phantom
  2512 | D:4      | Killed a phantom
  2513 | D:4      | Reached skill level 3 in Staves
  2513 | D:4      | Gained mutation: You regenerate a little health from kills.
                  | [demonic ancestry]
  2513 | D:4      | Reached XP level 5. HP: 35/41 MP: 6/6
  2689 | D:4      | Reached skill level 4 in Staves
  2689 | D:4      | Gained mutation: You regenerate health from kills. [demonic
                  | ancestry]
  2689 | D:4      | Reached XP level 6. HP: 33/47 MP: 7/7
  2808 | D:4      | Found a burning altar of Makhleb.
  2897 | D:4      | Found an ornate altar of the Wu Jian Council.
  3014 | D:4      | Learned a level 4 spell: Olgreb's Toxic Radiance
  3019 | D:5      | Entered Level 5 of the Dungeon
  3145 | D:5      | Found a radiant altar of Vehumet.
  3287 | D:5      | Noticed a steam dragon
  3298 | D:5      | Killed a steam dragon
  3299 | D:5      | Reached skill level 5 in Staves
  3468 | D:5      | Reached XP level 7. HP: 52/52 MP: 8/8
  3626 | D:5      | Reached skill level 6 in Staves
  3648 | D:5      | Learned a level 2 spell: Blink
  3943 | D:6      | Found Nuk Sokh's Jewellery Boutique.
  3947 | D:6      | Found Oqebb's Jewellery Boutique.
  3947 | D:6      | Found Onka's Distillery.
  3947 | D:6      | Noticed a two-headed ogre
  3954 | D:6      | Killed a two-headed ogre
  3955 | D:6      | Reached skill level 8 in Staves
  3955 | D:6      | Reached XP level 8. HP: 17/58 MP: 6/9
  4013 | D:6      | Found Dicsys's General Store.
  4019 | D:6      | Bought a +0 helmet for 63 gold pieces
  4019 | D:6      | Bought a wand of iceblast (8) for 168 gold pieces
  4183 | D:6      | Reached skill level 9 in Staves
  4212 | D:6      | Noticed Blork the orc
  4221 | D:6      | Killed Blork the orc
  4323 | D:6      | Found a staircase to the Ecumenical Temple.
  4550 | D:6      | Found Zepawul's Assorted Antiques.
  4563 | D:6      | Slain by a wyvern zombie

Illustrated notes

Levels and vault maps discovered:
D:1:      mainiacjoe_arrival_reflecting_pool, layout_rooms,
          ebering_ecumenical_altar_rust
D:2:      layout_loops_corners, minmay_misc_feat_cross, uniq_sigmund
D:3:      layout_basic, grunt_temple_overflow_forces_of_nature,
          trog_antimagical, lemuel_zombie_altar_yredelemnul,
          grunt_decor_resistance, roderic_lattice_a, uniq_crazy_yiuf_cottage
D:4:      layout_cave_pools, nzn_wu_jian_council_hall,
          nicolae_overflow_quartered_altars, corner_web_ring,
          wad_rectangle_vault
D:5:      layout_basic, overflow_temple_1_default, elyvilon_altar_1
D:6:      minmay_chambers_of_threes, layout_loops_cross, lemuel_crystal_altar,
          minmay_temple_entry_statues, minmay_misc_feat_tower, nrook_campfire,
          grunt_ministairs_15, nicolae_stop_n_shop_1, minmay_shop_grid_forest,
          kennysheep_generic_room_15, uniq_blork_the_orc

Skill      XL: |  1  2  3  4  5  6  7  8 |
---------------+-------------------------+-----
Dodging        | 1 |  1.0
Fire Magic     | 3 |  3.4
Armour         | 1 |  1.8
Staves         | 3 4 5 8 9 |  9.3
Fighting       | |  3.3
Polearms       | |  2.6
Spellcasting   | |  1.0

Action                   |  1- 3 |  4- 6 |  7- 9 || total
-------------------------+-------+-------+-------++-------
Melee: Spear             |   123 |       |       ||   123
       Quarterstaff      |       |    92 |    73 ||   165
       Kick              |       |    10 |    19 ||    29
Throw: Stone             |    18 |    26 |       ||    44
 Cast: Scorch            |     9 |     1 |     4 ||    14
Evoke: Wand              |       |       |     2 ||     2
  Use: Scroll            |       |    11 |     2 ||    13
 Stab: Paralysed         |       |     1 |       ||     1
       Petrified         |       |     1 |       ||     1
Armor: Robe              |    11 |       |       ||    11
       Ring mail         |    12 |    34 |    28 ||    74
Dodge: Dodged            |    51 |    40 |    22 ||   113

Table legend: (Time is in decaauts)
 A = Elapsed time spent in this place.
 B = Non-inter-level travel time spent in this place.
 C = Inter-level travel time spent in this place.
 D = Time resting spent in this place.
 E = Time spent auto-exploring this place.
 F = Levels seen in this place.
 G = Mean time per level.
                   A        B        C        D        E       F      G
               +--------+--------+--------+--------+--------+-----+--------+
         Total |   4548 |   4481 |     67 |    224 |   3353 |   6 |  758.0 |
       Dungeon |   4548 |   4481 |     67 |    224 |   3353 |   6 |  758.0 |
               +--------+--------+--------+--------+--------+-----+--------+

Top non-repeatable levels by time:
     D:3: 1169 daAuts
     D:5: 832 daAuts
     D:1: 790 daAuts
     D:4: 780 daAuts
     D:6: 704 daAuts
     D:2: 271 daAuts
